 Dungeon Crawl Stone Soup version 0.31-a0-1522-g43313d8a59 (webtiles) character file.

Game seed: 4016581953375679304

37 AstroCodex24 the Trooper (level 3, 0/31 HPs)
             Began as a Demigod Fighter on Dec 30, 2023.
             Succumbed to a water moccasin's poison
             ... on level 5 of the Dungeon.
             The game lasted 00:01:28 (313 turns).

AstroCodex24 the Trooper (Demigod Fighter)           Turns: 313, Time: 00:01:28

Health: 0/31       AC: 11    Str: 21    XL:     3   Next: 8%
Magic:  5/5        EV:  5    Int: 10    God:
Gold:   20         SH:  4    Dex: 13    Spells: 2/2 levels left

rFire   . . .        a - +0 war axe
rCold   . . .        c - +0 buckler
rNeg    . . .        e - +0 plate armour
rPois   .            (no helmet)
rElec   .            (no cloak)
rCorr   .            (no gloves)
SInv    .            (no boots)
Will    .....        (no amulet) Stlth
                     (no ring)
HPRegen 0.25/turn    (no ring)
MPRegen 0.09/turn

%: no passive effects
@: lethally poisoned (0 -> -3)
A: high MP 1, forlorn, divine attributes
a: no special abilities


You were on level 5 of the Dungeon.
You visited 1 branch of the dungeon, and saw 5 of its levels.

You collected 20 gold pieces.

Inventory:

Hand Weapons
 a - a +0 war axe (weapon)
Armour
 b - a +0 scale mail
 c - a +0 buckler (worn)
 e - a +0 plate armour (worn)
Potions
 d - a potion of might


   Skills:
 + Level 3.1 Fighting
 + Level 2.0 Axes
 + Level 3.0 Armour
 + Level 0.1 Dodging
 + Level 3.1 Shields


You had 2 spell levels left.
You didn't know any spells.
Your spell library was empty.

Dungeon Overview and Level Annotations

Branches:
Dungeon (5/15)
 Temple: D:4-7

Shops:
D:3 ?


Innate Abilities, Weirdness & Mutations

You have an increased reservoir of magic. (+10% MP)
You shall have no god before yourself.
Your divine heritage dramatically boosts your attributes as you level up.


Message History

The water moccasin bites you but does no damage.
The water moccasin bites you.
You barely miss the water moccasin.
The water moccasin is moderately wounded.
The water moccasin bites you but does no damage. x2
You barely miss the water moccasin.
The water moccasin is moderately wounded.
The water moccasin bites you but does no damage.
The water moccasin bites you.
You are poisoned.
The water moccasin poisons you!
You miss the water moccasin.
The water moccasin is moderately wounded.
You feel very sick.
The water moccasin bites you but does no damage. x2
You closely miss the water moccasin.
The water moccasin is moderately wounded.
* * * LOW HITPOINT WARNING * * *
You feel very sick. The water moccasin barely misses you.
The water moccasin bites you but does no damage.
You slash the water moccasin!
The water moccasin is heavily wounded.
* * * LOW HITPOINT WARNING * * *
You feel sick. The water moccasin closely misses you.
You block the water moccasin's attack.
You closely miss the water moccasin.
The water moccasin is heavily wounded.
* * * LOW HITPOINT WARNING * * *
You feel sick. The water moccasin barely misses you.
The water moccasin bites you but does no damage.
You barely miss the water moccasin.
The water moccasin is heavily wounded.
* * * LOW HITPOINT WARNING * * *
You feel sick. The water moccasin bites you.
* * * LOW HITPOINT WARNING * * *
The water moccasin bites you but does no damage.
You hit the water moccasin.
The water moccasin is severely wounded.
You die...

#.#####
#.....#
#####.#
#.# #(#
#.# #.# #
#.##.#####
#@S.......
####.#####
#


You could see a water moccasin.

Vanquished Creatures
  A lemure (D:5)
  A hound (D:5)
  3 jackals (D:2)
  A frilled lizard (D:2)
  2 goblins (D:2)
  A rat (D:3)
9 creatures vanquished.

Notes
Turn   | Place    | Note
-------+----------+-------------------------------------------
     0 | D:1      | AstroCodex24 the Demigod Fighter began the quest for the
                  | Orb.
     0 | D:1      | Reached XP level 1. HP: 18/18 MP: 3/3
   154 | D:3      | Found Ujiasch's Magic Scroll Boutique.
   173 | D:5      | Entered Level 5 of the Dungeon
   195 | D:5      | Noticed a lemure
   195 | D:5      | Noticed a hound
   195 | D:5      | Noticed a lemure
   203 | D:5      | Killed a hound
   204 | D:5      | Reached XP level 2. HP: 15/26 MP: 4/4
   204 | D:5      | Reached XP level 3. HP: 19/31 MP: 5/5
   212 | D:5      | Killed a lemure
   296 | D:5      | Noticed a water moccasin
   312 | D:5      | HP: 1/31 [water moccasin (2)]
   313 | D:5      | Succumbed to a water moccasin's poison

Illustrated notes

Levels and vault maps discovered:
D:1:      hellmonk_arrival_library, layout_basic
D:2:      layout_basic, serial_shops, shop_fountains,
          ebering_ecumenical_altar_rust
D:3:      layout_basic, serial_shops, nicolae_shop_trees, ebering_ghost_sewer_f,
          uniq_sigmund
D:4:      layout_layer_cave, nicolae_wu_jian_wuxing_cycle,
          hangedman_decor_growths, minmay_between
D:5:      layout_loops_ring, kennysheep_little_box, serial_shops,
          nicolae_shop_advertising_works [nicolae_subvault_shop_adworks],
          uniq_edmund, uniq_pikel, uniq_ijyb

Skill      XL: |  1 |
---------------+----+-----
Fighting       | 3 |  3.1
Axes           | 2 |  2.0
Armour         | 3 |  3.0
Shields        | 3 |  3.1
Dodging        | |  0.1

Action                     || total
---------------------------++-------
  Melee: War axe           ||    56
 Armour: Scale mail        ||    45
         Plate armour      ||    20
  Dodge: Dodged            ||    26
  Block: Buckler           ||    13

Table legend: (Time is in decaauts)
 A = Elapsed time spent in this place.
 B = Non-inter-level travel time spent in this place.
 C = Inter-level travel time spent in this place.
 D = Time resting spent in this place.
 E = Time spent auto-exploring this place.
 F = Levels seen in this place.
 G = Mean time per level.
                   A        B        C        D        E       F      G
               +--------+--------+--------+--------+--------+-----+--------+
         Total |    336 |    334 |      2 |      0 |      0 |   5 |   67.2 |
       Dungeon |    336 |    334 |      2 |      0 |      0 |   5 |   67.2 |
               +--------+--------+--------+--------+--------+-----+--------+

Top non-repeatable levels by time:
     D:5: 152 daAuts
     D:2: 105 daAuts
     D:1: 37 daAuts
     D:3: 36 daAuts
     D:4: 5 daAuts
